 Dungeon Crawl Stone Soup version 0.32-a0-928-g1cae6b7ea0 (webtiles) character file.

Game seed: 3268189215501272100

113075 bananaken the Devastator (level 16, -15/88 HPs)
             Began as a Gargoyle Fire Elementalist on Apr 11, 2024.
             Was a High Priest of Vehumet.
             Demolished by a bunyip (17 damage)
             ... on level 3 of the Swamp on Apr 12, 2024.
             The game lasted 01:44:15 (23933 turns).

bananaken the Devastator (GrFE)                    Turns: 23933, Time: 01:44:16

Health: -15/88     AC: 33    Str: 13    XL:     16   Next: 62%
Magic:  16/36      EV: 11    Int: 28    God:    Vehumet [*****.]
Gold:   971        SH:  6    Dex: 10    Spells: 4/29 levels left

rFire   + . .        O - staff "Noaroqich" {rPois rF+ Fire Air}
rCold   . . .        E - +2 buckler
rNeg    + . .        g - +0 troll leather armour
rPois   ∞            n - +3 hat of Pondering {ponderous, Will+ MP+10 Int+5}
rElec   +            T - +0 cloak
rCorr   .            o - +1 pair of gloves
SInv    .            P - +2 pair of boots {rampage}
Will    ++...        m - amulet of faith
Stlth   ++           C - +4 ring of protection
HPRegen 1.14/turn    u - +4 ring of protection
MPRegen 0.25/turn

%: rampage, faith
@: flying, studying 2 skills, slow
A: sickness immunity, AC +12, big wings, negative energy resistance 1,
electricity resistance, torment resistance 1, petrification resistance
a: Renounce Religion


You were on level 3 of the Swamp.
You worshipped Vehumet.
Vehumet was extremely pleased with you.
You visited 4 branches of the dungeon, and saw 21 of its levels.

You collected 1167 gold pieces.
You spent 196 gold pieces at shops.

Inventory:

Hand Weapons
 c - a +3 dagger of venom
Missiles
 a - 3 throwing nets
 M - 3 curare-tipped darts (quivered)
Armour
 g - a +0 troll leather armour (worn)
 n - the +3 hat of Pondering (worn) {ponderous, Will+ MP+10 Int+5}
   (You took it off Gastronok on level 2 of the Lair of Beasts)

   Int+5:     It affects your intelligence (+5).
   Will+:     It increases your willpower.
   MP+10:     It affects your magic capacity (+10).
 o - a +1 pair of gloves (worn)
 q - a +1 hat
 y - +0 fire dragon scales
 E - a +2 buckler (worn)
 P - a +2 pair of boots of rampaging (worn)
 T - a +0 cloak (worn)
Magical Staves
 O - the staff "Noaroqich" (weapon) {rPois rF+ Fire Air}
   (You found it on level 5 of the Lair of Beasts)

   [staff of fire]

   Base accuracy: +5 Base damage: 5 Base attack delay: 1.2 This weapon's minimum
   attack delay (0.6) is reached at skill level 12.
   rF+:       It protects you from fire.
   rPois:     It protects you from poison.
   Fire:      It increases the power of your Fire spells.
   Air:       It increases the power of your Air spells.
   It falls into the 'Staves' category.
   It is a one-handed weapon.
Jewellery
 m - an amulet of faith (around neck)
 u - a +4 ring of protection (right hand)
 v - a ring of see invisible
 B - an amulet of magic regeneration
 C - a +4 ring of protection (left hand)
Wands
 w - a wand of polymorph (2)
 S - a wand of roots (2)
 X - a wand of paralysis (11)
 Y - a wand of acid (6)
 Z - a wand of digging (7)
Scrolls
 d - 9 scrolls of identify
 e - 2 scrolls of amnesia
 h - 3 scrolls of enchant weapon
 j - 7 scrolls of vulnerability
 k - a scroll of silence
 l - 2 scrolls of revelation
 p - 3 scrolls of immolation
 s - a scroll of enchant armour
 t - a scroll of noise
 x - 2 scrolls of brand weapon {unknown}
 L - 3 scrolls of fog
 U - 5 scrolls of blinking
 V - a scroll of poison {unknown}
 W - a scroll of teleportation
Potions
 f - a potion of cancellation
 r - 4 potions of haste
 z - 3 potions of might
 A - 4 potions of curing
 D - 3 potions of mutation
 F - a potion of lignification
 G - 3 potions of berserk rage {unknown}
 H - 3 potions of attraction {unknown}
 I - 2 potions of ambrosia {unknown}
 J - 3 potions of brilliance {unknown}
 N - a potion of resistance
 Q - a potion of heal wounds


   Skills:
 - Level 5.5 Fighting
 - Level 9.0 Short Blades
 - Level 12.0 Staves
 - Level 5.7 Armour
 - Level 5.0 Dodging
 - Level 2.1 Stealth
 - Level 5.1 Shields
 + Level 7.2 Spellcasting
 + Level 15.6 Conjurations
 + Level 10.6 Fire Magic
 + Level 3.8 Earth Magic
 - Level 9.0 Evocations


You had 4 spell levels left.
You knew the following spells:

 Your Spells              Type           Power      Damage    Failure   Level
a - Flame Wave            Conj/Fire      90%        2d19      1%          4
b - Scorch                Fire           100%       2d9       1%          2
c - Fireball              Conj/Fire      45%        3d18      1%          5
d - Stone Arrow           Conj/Erth      100%       3d13      1%          3
e - Orb of Destruction    Conj           39%        9d11      3%          7
f - Sticky Flame          Fire/Alch      56%        2d10      2%          4

Your spell library contained the following spells:

 Spells                   Type           Power      Damage    Failure   Level
 Lee's Rapid Deconstruct  Erth           15%        3d10*     13%         5
 Foxfire                  Conj/Fire      100%       2x1d9     1%          1
 Inner Flame              Hex/Fire       56%        N/A       1%          3
 Volatile Blastmotes      Fire/Tloc      100%       2d18      1%          3
 Brom's Barrelling Bould  Conj/Erth      59%        2d7       1%          4
 Iskenderun's Mystic Bla  Conj/Tloc      52%        2d11      (+2d61%     4
 Slow                     Hex            40%        N/A       9%          1
 Call Imp                 Summ           20%        N/A       14%         2
 Confusing Touch          Hex            10%        N/A       26%         3
 Tukima's Dance           Hex            10%        N/A       26%         3
 Vampiric Draining        Necr           10%        2d6       26%         3
 Animate Armour           Summ/Erth      40%        N/A       38%         4
 Anguish                  Hex/Necr       5%         N/A       65%         4
 Cause Fear               Hex            5%         N/A       65%         4
 Dimensional Bullseye     Hex/Tloc       5%         N/A       65%         4
 Iskenderun's Battlesphe  Conj           78%        2d13      1%          5
 Conjure Ball Lightning   Conj/Air       34%        3x3d11    16%         6
 Lehudib's Crystal Spear  Conj/Erth      29%        10d8      92%         8
 Summon Forest            Summ/Tloc      5%         N/A       94%         5
 Eringya's Noxious Bog    Alch           5%         4d6       96%         6
 Summon Cactus Giant      Summ           5%         N/A       100%        6
 Enfeeble                 Hex            5%         N/A       100%        7
 Summon Hydra             Summ           5%         N/A       100%        7
 Sublimation of Blood     Necr           Unusable   N/A       N/A         2

Dungeon Overview and Level Annotations

Branches:
Dungeon (12/15)            Temple (1/1) D:7            Lair (5/5) D:11
  Swamp (3/4) Lair:2        Snake (0/4) Lair:2        Slime (0/5) Lair:5
    Orc (0/2) D:10

Altars:
Ashenzari
Cheibriados
Dithmenos
Elyvilon
Fedhas
Gozag
Hepliaklqana
Kikubaaqudgha
Makhleb
Nemelex Xobeh
Okawaru
Qazlal
Ru
Sif Muna
Trog
Uskayaw
Vehumet
Wu Jian
Xom
Yredelemnul
Zin
The Shining One
Beogh
Jiyva

Shops:
D:4 [   D:8 (   D:11 :

Annotations:
D:7 3 runed translucent doors, wally255's ghost, novice TrFi
Swamp:2 Nikola


Innate Abilities, Weirdness & Mutations

You are immune to sickness and miasma.
Your stone body is resilient. (AC +12)
You are immune to poison.
Your large and strong wings let you fly.
You resist negative energy. (rN+)
You are resistant to electric shocks. (rElec)
You are resistant to unholy torment.
You are immune to petrification.


Message History

Nikola gestures wildly while chanting.
Lightning arcs from Nikola's hands!
The bolt of lightning hits you! You resist.
You fly downwards.
The bunyip gives a hideous shriek!
There is a stone staircase leading up here.
Unknown command.
Casting: Scorch (safe; 1% risk of failure)
Confirm with . or Enter, or press ? or * to list all spells.
You feel a surge of power!
Flames lash the bunyip.
The bunyip is lightly wounded.
The bunyip's fire resistance burns away.
The bunyip claws you. x2; The bunyip claws you!
* * * LOW HITPOINT WARNING * * *
Unknown command.
Casting: Scorch (safe; 1% risk of failure)
Confirm with . or Enter, or press ? or * to list all spells.
Aiming: Sticky Flame (dangerous; 2% risk of failure)
Press: ? - help, Shift-Dir - straight line, f - bunyip
Aim: a bunyip (lightly wounded, more vulnerable to fire)
You feel a surge of power!
The sticky flame hits the bunyip!
The bunyip is burned terribly!
The bunyip is moderately wounded.
The bunyip burns!
Unknown command.
Casting: Sticky Flame (dangerous; 2% risk of failure)
Confirm with . or Enter, or press ? or * to list all spells.
Aiming: Fireball (mildly dangerous; 1% risk of failure)
Press: ? - help, Shift-Dir - straight line, p - bunyip You feel a surge of power!
The fireball explodes!
The mangrove smoulders and burns.
The fireball engulfs the bunyip!!
The bunyip is burned terribly!
The bunyip is heavily wounded.
The bunyip burns!
Unknown command.
You hit the bunyip. You burn the bunyip!!
The bunyip is almost dead.
The bunyip claws you!!
* * * LOW HITPOINT WARNING * * *
The bunyip claws you!
You die...

♣♣♣♣♣
♣.~~♣
.~~♣
♣~.♣♣
♣§.§♣
♣§§§♣
♣§§x♣
♣<@♣
♣♣.♣
♣..~
...~.♣
♣...♣♣
♣~~♣♣
♣♣.♣
.♣


You could see a bunyip (burning, combustible).

Vanquished Creatures
  Gastronok (Lair:2)
  A fenstrider witch (Swamp:2)
  A thorn hunter (Swamp:2)
  An azure jelly (Lair:5)
  2 eleionomae
  3 bunyips
  Josephine (Lair:4)
  Erolcha (D:9)
  9 hydras
  4 catoblepae (Lair:5)
  2 alligators (Swamp:2)
  A boulder beetle (D:11)
  7 death yaks
  3 skysharks
  6 goliath frogs (Swamp:2)
  A death drake (Swamp:2)
  The ghost of jfitz the Magician, a novice DsFE of Sif Muna (D:8)
  5 swamp dragons
  5 spriggan druids
  3 bog bodies
  An ugly thing (D:12)
  A deep elf pyromancer (D:12)
  2 cyclopes
  A salamander (Lair:2)
  A will-o-the-wisp (Swamp:2)
  2 manticores (Lair:5)
  8 elephants
  5 black mambas
  A torpor snail (Lair:4)
  14 cane toads
  An unseen horror (D:8)
  2 gargoyles
  10 komodo dragons
  2 trolls
  6 hornets
  14 tyrant leeches
  13 dream sheep
  15 blink frogs
  6 slime creatures
  2 shadows (D:12)
  5 wyverns
  7 wraiths
  6 spriggans
  58 yaks
  2 basilisks
  4 steam dragons
  13 vampire mosquitoes
  6 swamp worms
  4 acid dragons
  16 water moccasins
  2 swamp drakes (Swamp:2)
  2 sky beasts
  2 orc warriors (D:8)
  2 black bears
  15 wolves
  4 ogres
  8 centaurs
  2 phantoms
  13 bullfrogs
  3 gnoll sergeants
  A kobold brigand (D:7)
  4 scorpions
  4 wights
  An electric eel (D:9)
  2 lava snakes (Lair:2)
  A bombardier beetle (D:4)
  A hound (D:4)
  7 jellies
  3 gnoll boudas
  5 orc priests
  3 iguanas
  9 orc wizards
  30 gnolls
  8 adders
  2 shadow imps (D:7)
  4 white imps
  6 dart slugs
  A ribbon worm (D:3)
  34 orcs
  5 ball pythons
  15 endoplasms
  3 giant cockroaches
  8 goblins
  3 hobgoblins (D:1)
  4 quokkas
  6 bats
  4 frilled lizards
  9 kobolds
  A rat (D:3)
523 creatures vanquished.

Vanquished Creatures (collateral kills)
  A foxfire (Lair:1)
1 creature vanquished.

Vanquished Creatures (others)
  A bog body (Swamp:2)
  246 foxfires
247 creatures vanquished.

Grand Total: 771 creatures vanquished

Notes
Turn   | Place    | Note
-------+----------+-------------------------------------------
     0 | D:1      | bananaken the Gargoyle Fire Elementalist began the quest
                  | for the Orb.
     0 | D:1      | Reached XP level 1. HP: 10/10 MP: 3/3
   105 | D:1      | Reached XP level 2. HP: 15/15 MP: 5/5
   438 | D:1      | Reached XP level 3. HP: 19/19 MP: 6/6
   857 | D:2      | Reached skill level 1 in Short Blades
   857 | D:2      | Reached skill level 2 in Conjurations
  1279 | D:3      | Reached XP level 4. HP: 20/24 MP: 7/7
  1848 | D:4      | Noticed a scorpion
  1873 | D:3      | Reached XP level 5. HP: 18/28 MP: 7/9
  1934 | D:4      | Found a shadowy altar of Dithmenos.
  1961 | D:4      | Reached skill level 3 in Conjurations
  1976 | D:4      | Learned a level 2 spell: Scorch
  2058 | D:4      | Noticed an ogre
  2064 | D:4      | Reached skill level 1 in Fighting
  2064 | D:4      | Reached XP level 6. HP: 34/34 MP: 8/10
  2377 | D:4      | Reached XP level 7. HP: 33/39 MP: 11/11
  2603 | D:5      | Entered Level 5 of the Dungeon
  2603 | D:5      | Found a white marble altar of Elyvilon.
  2649 | D:5      | Reached skill level 1 in Shields
  2649 | D:5      | Reached skill level 4 in Conjurations
  2843 | D:5      | Reached skill level 5 in Fire Magic
  2918 | D:5      | Reached XP level 8. HP: 46/46 MP: 8/12
  3437 | D:4      | Found Leuhuop's Armour Shop.
  3632 | D:4      | Learned a level 5 spell: Fireball
  3802 | D:6      | Reached skill level 5 in Conjurations
  4486 | D:7      | Reached XP level 9. HP: 25/52 MP: 6/13
  4592 | D:7      | Found a staircase to the Ecumenical Temple.
  4968 | D:7      | Reached skill level 5 in Fighting
  5162 | D:7      | Found a snail-covered altar of Cheibriados.
  5249 | D:7      | Reached skill level 6 in Conjurations
  5344 | D:7      | Found a blossoming altar of Fedhas.
  5346 | D:7      | Found a stormy altar of Qazlal.
  5365 | D:7      | Found a runed translucent gate.
  5365 | D:7      | Noticed wally255's ghost (novice TrFi)
  5366 | D:7      | Found a runed translucent gate.
  5367 | D:7      | Found a runed translucent gate.
  5622 | Temple   | Entered the Ecumenical Temple
  5706 | D:7      | Reached skill level 5 in Short Blades
  5708 | D:7      | Found a sparkling altar of Nemelex Xobeh.
  5892 | D:7      | Found a roughly hewn altar of Beogh.
  5963 | D:8      | Found a runed translucent door.
  6092 | D:8      | Noticed an unseen horror
  6111 | D:8      | Killed an unseen horror
  6112 | D:8      | Reached skill level 5 in Shields
  6203 | D:8      | Found Ageilual's Antique Weapon Boutique.
  6237 | D:8      | Reached skill level 1 in Armour
  6244 | D:8      | Reached XP level 10. HP: 39/59 MP: 6/14
  6286 | D:8      | Reached skill level 7 in Conjurations
  6396 | D:8      | Bought an ichor-stained dagger for 196 gold pieces
  6396 | D:8      | Identified the +0 dagger "Xuusiup" {drain, rElec rF- Str+3}
                  | (You bought it in a shop on level 8 of the Dungeon)
  7172 | D:8      | Noticed jfitz's ghost (novice DsFE)
  7588 | D:8      | Killed jfitz's ghost
  8186 | D:9      | Noticed Erolcha
  8192 | D:9      | Found an ornate altar of the Wu Jian Council.
  8192 | D:9      | Found a shimmering altar of Xom.
  8203 | D:9      | Killed Erolcha
  8204 | D:9      | Reached skill level 8 in Conjurations
  8204 | D:9      | Reached XP level 11. HP: 64/64 MP: 12/15
  8204 | D:9      | Found a burning altar of Makhleb.
  8880 | D:10     | Entered Level 10 of the Dungeon
  8932 | D:10     | Reached skill level 5 in Armour
  9065 | D:10     | Found a radiant altar of Vehumet.
  9073 | D:10     | Became a worshipper of Vehumet
  9879 | D:10     | Reached skill level 5 in Dodging
 10038 | D:10     | Found a staircase to the Orcish Mines.
 10247 | D:11     | Noticed a boulder beetle
 10546 | D:8      | Reached skill level 9 in Conjurations
 10546 | D:8      | Reached skill level 1 in Evocations
 10657 | D:11     | Reached * piety under Vehumet
 10657 | D:11     | Offered knowledge of Shock by Vehumet.
 10727 | D:11     | Found a staircase to the Lair.
 11073 | D:11     | Killed a boulder beetle
 11294 | D:11     | Found Qotzuhoe's Book Emporium.
 11420 | D:11     | Noticed a cyclops
 11430 | D:11     | Killed a cyclops
 11699 | D:12     | Noticed a deep elf pyromancer
 11703 | D:12     | Killed a deep elf pyromancer
 11704 | D:12     | Reached XP level 12. HP: 68/68 MP: 7/18
 11858 | D:12     | Offered knowledge of Momentum Strike by Vehumet.
 11951 | D:12     | Reached ** piety under Vehumet
 12053 | D:12     | Found a sacrificial altar of Ru.
 12298 | D:12     | Noticed a five-headed hydra
 12347 | D:12     | Killed a five-headed hydra
 12631 | D:12     | Reached skill level 5 in Spellcasting
 12631 | D:12     | Reached skill level 10 in Conjurations
 12966 | Lair:1   | Entered Level 1 of the Lair of Beasts
 13398 | Lair:1   | Noticed a four-headed hydra
 13424 | Lair:1   | Killed a four-headed hydra
 13425 | Lair:1   | Reached skill level 10 in Fire Magic
 13635 | Lair:1   | Offered knowledge of Stone Arrow by Vehumet.
 13640 | Lair:1   | Learned a level 3 spell: Stone Arrow
 14267 | Lair:2   | Reached skill level 1 in Earth Magic
 14408 | Lair:2   | Reached *** piety under Vehumet
 14892 | Lair:2   | Reached skill level 1 in Staves
 15096 | Lair:2   | Noticed Gastronok
 15108 | Lair:2   | Killed Gastronok
 15109 | Lair:2   | Reached skill level 11 in Conjurations
 15109 | Lair:2   | Reached XP level 13. HP: 73/73 MP: 1/21
 15400 | Lair:2   | Offered knowledge of Dazzling Flash by Vehumet.
 15773 | Lair:2   | Found a staircase to the Snake Pit.
 16001 | Lair:2   | Found a staircase to the Swamp.
 16755 | Lair:3   | Learned a level 7 spell: Orb of Destruction
 16820 | Lair:3   | Reached **** piety under Vehumet
 17164 | Lair:3   | Offered knowledge of Hailstorm by Vehumet.
 18354 | Lair:4   | Reached skill level 5 in Staves
 18611 | Lair:4   | Reached skill level 12 in Conjurations
 18775 | Lair:4   | Noticed Josephine
 18784 | Lair:4   | Killed Josephine
 18788 | Lair:4   | Identified the +2 robe of Geloip {rElec Stlth+}
 18931 | Lair:4   | Reached skill level 5 in Evocations
 19446 | Lair:4   | Reached ***** piety under Vehumet
 19638 | Lair:5   | Entered Level 5 of the Lair of Beasts
 19648 | Lair:4   | Offered knowledge of Sticky Flame by Vehumet.
 19896 | Lair:5   | Gained mutation: Your large and strong wings let you fly.
                  | [Gargoyle growth]
 19896 | Lair:5   | Reached XP level 14. HP: 63/78 MP: 22/22
 20300 | Lair:4   | Reached skill level 13 in Conjurations
 20756 | Lair:5   | Learned a level 4 spell: Sticky Flame
 20757 | Lair:5   | Upgraded the game from 0.32-a0-918-g0f22ef8d61 to
                  | 0.32-a0-928-g1cae6b7ea0
 21287 | Lair:5   | Identified the staff "Noaroqich" {rPois rF+ Fire Air}
 21374 | Lair:5   | Offered knowledge of Ignite Poison by Vehumet.
 21796 | Lair:5   | Found a viscous altar of Jiyva.
 21797 | Lair:5   | Found a staircase to the Slime Pits.
 21806 | Lair:5   | Reached skill level 14 in Conjurations
 21970 | Lair:5   | Noticed an azure jelly
 22029 | Lair:5   | Killed an azure jelly
 22267 | Swamp:1  | Entered Level 1 of the Swamp
 22610 | Swamp:1  | Reached XP level 15. HP: 76/82 MP: 23/23
 22840 | Swamp:1  | Reached XP level 16. HP: 88/88 MP: 24/24
 23015 | Swamp:2  | Noticed a thorn hunter
 23021 | Swamp:2  | Killed a thorn hunter
 23030 | Swamp:2  | Offered knowledge of Lee's Rapid Deconstruction by Vehumet.
 23407 | Swamp:2  | Reached skill level 15 in Conjurations
 23417 | Swamp:2  | Noticed a tentacled monstrosity
 23639 | Swamp:2  | Noticed a fenstrider witch
 23643 | Swamp:2  | Paralysed by a fenstrider witch for 4 turns
 23646 | Swamp:2  | Killed a fenstrider witch
 23899 | Swamp:2  | Learned a level 4 spell: Flame Wave
 23919 | Swamp:2  | Noticed Nikola
 23933 | Swamp:3  | HP: 2/88 [bunyip (23)]
 23933 | Swamp:3  | Demolished by a bunyip

Illustrated notes

Levels and vault maps discovered:
D:1:      dpeg_arrival_fog, layout_loops_ring, minmay_misc_feat_room,
          nrook_uturn
D:2:      layout_rooms
D:3:      layout_loops_ring
D:4:      layout_basic, nicolae_dithmenos_the_darkroom, serial_shops,
          nicolae_shop_stone, minmay_strange_pillars, kennysheep_generic_room_12
D:5:      layout_cave_pools, mainiacjoe_overflow_boulevard
D:6:      layout_cave_pools
D:7:      layout_loops_ring, grunt_temple_overflow_forces_of_nature,
          nemelex_dance_club_becter, kennysheep_slug_shrine,
          minmay_temple_entry_tees, biasface_ghost_orc_armoury
D:8:      layout_loops_ring, serial_shops, nicolae_shop_scrapyard,
          hellmonk_ghost_happy_afterlife, minmay_fractal_squares_diagonal_5
D:9:      layout_basic, gammafunk_temple_overflow_forgotten, water_maze_lemuel,
          uniq_erolcha
D:10:     layout_gridville, lemuel_coloured_pillars_altar, orc_0_dummy
D:11:     layout_irregular_city, lair_entry_dummy, serial_shops,
          nicolae_shop_rolling_square
D:12:     layout_long_grid, nicolae_ru_path_of_blood
Temple:   hellmonk_temple_flake
Lair:1:   cheibrodos_lair_river_kwai, layout_cave_pods
Lair:2:   layout_cave_pods, swamp_mist_pool, nicolae_snake_entry_warm_welcome,
          uniq_gastronok
Lair:3:   layout_layer_cave, bh_autumn_forest_stairs
Lair:4:   layout_regular_city, grunt_megastairs_5, infiniplex_staircase_pool_2,
          uniq_josephine
Lair:5:   evilmike_catoblepas_cave, layout_misc_corridors, slime_entry_2,
          minmay_stone_trees_small, nicolae_lair_time_for_slime
Swamp:1:  layout_basic_swamp, hangedman_swamp_ruin_hall, swamp_pool_1_2,
          nicolae_swamp_bloodsuckers_inc
Swamp:2:  nzn_winding_woodlands_three_and_one
          [nzn_winding_woodlands_5x15_sidewinder,
          nzn_winding_woodlands_5x15_garden,
          nzn_winding_woodlands_5x15_sawtooth,
          nzn_winding_woodlands_center_pierced_h], layout_basic_swamp,
          nicolae_swamp_long_stream, uniq_jorgrun, uniq_nikola
Swamp:3:  nicolae_swamp_ascending_descending_big, layout_falls_marsh,
          gammafunk_ghost_cemetery, lemuel_altar_in_water, swamp_pool_5

Skill      XL: |  1  2  3  4  5  6  7  8  9 10 11 12 13 14 15 16 |
---------------+-------------------------------------------------+-----
Short Blades   | 1 2 3 4 5 6 7 9 |  9.0
Conjurations   | 2 3 4 5 6 8 9 11 12 14 15 | 15.6
Spellcasting   | 3 4 5 7 |  7.2
Fire Magic     | 4 5 7 8 9 10 | 10.6
Fighting       | 1 3 4 5 |  5.5
Dodging        | 2 4 5 |  5.0
Shields        | 2 3 5 |  5.1
Armour         | 2 4 5 |  5.7
Evocations     | 2 5 8 9 |  9.0
Earth Magic    | 3 |  3.8
Staves         | 3 6 9 11 12 | 12.0
Stealth        | |  2.1

Action                     |  1- 3 |  4- 6 |  7- 9 | 10-12 | 13-15 | 16-18 || total
---------------------------+-------+-------+-------+-------+-------+-------++-------
  Melee: Dagger            |    75 |   146 |   247 |   611 |       |       ||  1079
         Staff             |       |       |       |    10 |   258 |    45 ||   313
  Throw: Throwing net      |       |       |       |     1 |       |       ||     1
         Dart              |       |       |       |    11 |       |       ||    11
   Cast: Foxfire           |     8 |    10 |    48 |    87 |     1 |       ||   154
         Scorch            |       |     7 |    49 |   125 |    63 |    22 ||   266
         Fireball          |       |       |       |    36 |   139 |    32 ||   207
         Stone Arrow       |       |       |       |       |    53 |       ||    53
         Sticky Flame      |       |       |       |       |    21 |    24 ||    45
         Orb of Destructio |       |       |       |       |     3 |       ||     3
         Flame Wave        |       |       |       |       |       |     2 ||     2
  Evoke: Wand              |       |       |    11 |    31 |     4 |     1 ||    47
    Use: Potion            |       |     5 |       |    14 |     1 |     2 ||    22
         Scroll            |       |     2 |     3 |    11 |     4 |     1 ||    21
   Stab: Sleeping          |     8 |     3 |     2 |     2 |     1 |       ||    16
         Invisible         |       |       |       |     2 |       |       ||     2
 Armour: Robe              |    32 |    69 |   138 |       |       |       ||   239
         Steam dragon scal |       |       |    38 |   231 |       |       ||   269
         Skin              |       |       |       |     9 |       |       ||     9
         Troll leather arm |       |       |       |   263 |   300 |    98 ||   661
  Dodge: Dodged            |    38 |    79 |   104 |   311 |   164 |    32 ||   728
  Block: Buckler           |       |    10 |    35 |   158 |    69 |    21 ||   293

Table legend: (Time is in decaauts)
 A = Elapsed time spent in this place.
 B = Non-inter-level travel time spent in this place.
 C = Inter-level travel time spent in this place.
 D = Time resting spent in this place.
 E = Time spent auto-exploring this place.
 F = Levels seen in this place.
 G = Mean time per level.
                   A        B        C        D        E       F      G
               +--------+--------+--------+--------+--------+-----+--------+
         Total |  24160 |  22767 |   1393 |   6092 |  11989 |  21 | 1150.5 |
       Dungeon |  13075 |  12173 |    902 |   2576 |   6749 |  12 | 1089.6 |
        Temple |      1 |      1 |      0 |      0 |      0 |   1 |    1.0 |
          Lair |   9486 |   9043 |    443 |   2891 |   4797 |   5 | 1897.2 |
         Swamp |   1596 |   1548 |     48 |    624 |    443 |   3 |  532.0 |
               +--------+--------+--------+--------+--------+-----+--------+

Top non-repeatable levels by time:
  Lair:4: 2276 daAuts
  Lair:2: 2001 daAuts
  Lair:5: 1893 daAuts
  Lair:3: 1747 daAuts
     D:7: 1745 daAuts
     D:8: 1694 daAuts
  Lair:1: 1568 daAuts
     D:9: 1424 daAuts
    D:11: 1293 daAuts
    D:10: 1259 daAuts
    D:12: 1116 daAuts
 Swamp:1: 993 daAuts
     D:4: 974 daAuts
     D:3: 898 daAuts
     D:5: 879 daAuts
